 Dungeon Crawl Stone Soup version 0.24-a0-365-ga4d96b6e6e (webtiles) character file.

Game seed: 18294091385824582658

4609 Ijustatesigmund the Basher (level 10, -10/72 HPs)
             Began as an Octopode Fighter on May 27, 2019.
             Was a Believer of Cheibriados.
             Mangled by a death yak (14 damage)
             ... on level 8 of the Dungeon.
             The game lasted 00:13:13 (6075 turns).

Ijustatesigmund the Basher (Octopode Fighter)       Turns: 6075, Time: 00:13:13

Health: -10/72     AC: 10    Str: 24    XL:     10   Next: 42%
Magic:  14/14      EV: 17    Int: 19    God:    Cheibriados [**....]
Gold:   75         SH: 13    Dex: 19    Spells: 9/9 levels left

rFire    . . .     SeeInvis .   a - +2 morningstar (protect)
rCold    . . .     Gourm    .   b - +1 shield
rNeg     . . .     Faith    .   i - +2 hat
rPois    .         Spirit   .   (no amulet)
rElec    .         Reflect  .   g - +4 ring of intelligence
rCorr    .         Harm     .   (no ring)
MR       .....                  (no ring)
Stlth    +++.......             (no ring)
HPRegen  0.22/turn              (no ring)
MPRegen  0.14/turn              (no ring)
                                (no ring)
                                (no ring)

@: mighty, protection aura, flying, hasted, studying Maces & Flails
A: almost no armour, stealthy swim, amphibious, 8 rings, constrict 8, camouflage
1, gelatinous body 1
a: Bend Time, Renounce Religion


You were on level 8 of the Dungeon.
You worshipped Cheibriados.
Cheibriados was pleased with you.
You were not hungry.

You visited 2 branches of the dungeon, and saw 9 of its levels.

You collected 361 gold pieces.
You spent 286 gold pieces at shops.

Inventory:

Hand Weapons
 a - a +2 morningstar of protection (weapon)
 s - a +3 flail of protection
Missiles
 e - 4 javelins (quivered)
Armour
 b - a +1 shield (worn)
 i - a +2 hat (worn)
Jewellery
 g - a +4 ring of intelligence (left tentacle)
Wands
 l - a wand of digging (2)
 t - a wand of acid (7)
Scrolls
 j - 3 scrolls of remove curse
 k - a scroll of fog
Potions
 c - 3 potions of ambrosia
 f - 3 potions of curing
 o - 2 potions of magic
Books
 m - a manual of Maces & Flails
Comestibles
 d - 14 rations


   Skills:
 + Level 7.8 Fighting
 + Level 10.1 Maces & Flails
 + Level 6.9 Dodging
 + Level 7.0 Shields
 * Level 5.6 Invocations


You had 9 spell levels left.
You didn't know any spells.
Your spell library was empty.

Dungeon Overview and Level Annotations

Branches:
Dungeon (8/15)             Temple (1/1) D:5            Lair (0/6) D:8

Altars:
Ashenzari
Cheibriados
Dithmenos
Elyvilon
Fedhas
Gozag
Hepliaklqana
Kikubaaqudgha
Makhleb
Nemelex Xobeh
Okawaru
Qazlal
Ru
Sif Muna
Trog
Uskayaw
Vehumet
Wu Jian
Xom
Yredelemnul
Zin
The Shining One

Shops:
D:4 [(![


Innate Abilities, Weirdness & Mutations

You cannot wear most types of armour.
You are very stealthy in the water. (Stealth+)
You are amphibious.
You can wear up to eight rings at the same time.
You can use your tentacles to constrict eight enemies at once.
Your skin changes colour to match your surroundings (Stealth+).
Your rubbery body absorbs attacks. (AC +1, EV +1)


Message History

Aim: a death yak (lightly wounded, covered in acid)
The bolt of acid hits the death yak!
The death yak is splashed with acid!
The death yak seems to be corroded for longer.
The death yak is heavily wounded.
The bolt of acid hits the death yak.
The death yak is splashed with acid!
The acid corrodes the death yak!
The death yak is moderately wounded.
The bolt of acid hits the death yak!
The death yak is splashed with acid.
The death yak is moderately wounded.
The death yak misses you.
It was a potion of haste.
You feel yourself speed up.
Cheibriados forgives your accidental hurry, just this once.
The death yak gores you!!
* * * LOW HITPOINT WARNING * * *
You thump the death yak!
Your weapon exudes an aura of protection.
You squeeze the death yak!
The death yak is severely wounded.
The death yak gores you!
You die...

..#.....>.#..
............ .#
#..........#
#..#.............#
#..#.............#
#.....# ##......#
###..####.......##
########..#..........#
#....@YYY............#
########Y.............
#...............
#...............
##...............
#...)............
#...........†....
##................
#.................


You could see 4 death yaks.

Vanquished Creatures
  2 death yaks (D:8)
  A hornet (D:7)
  Sigmund (D:2)
  Eustachio (D:6)
  Menkaure (D:6)
  Edmund (D:6)
  A water moccasin (D:7)
  An orc warrior (D:7)
  2 ice beasts
  2 sky beasts
  7 ogres
  4 centaurs
  3 bullfrogs
  2 scorpions
  A crimson imp (D:5)
  A centaur zombie (D:3)
  3 hounds
  2 bullfrog zombies
  An orc priest (D:8)
  3 orc wizards
  2 bullfrog skeletons
  2 iguanas
  6 worker ants
  2 hound zombies
  A hound skeleton (D:7)
  2 worker ant zombies (D:7)
  Robin (D:3)
  11 adders
  An ooze (D:1)
  An adder zombie (D:7)
  2 worms (D:2)
  3 dart slugs
  4 leopard geckos
  21 orcs
  4 giant cockroaches
  10 hobgoblins
  7 jackals
  2 quokkas
  A ball python (D:2)
  10 bats
  6 frilled lizards
  18 goblins
  A jackal skeleton (D:4)
  5 kobolds
  12 rats
  A bush (D:1)
176 creatures vanquished.

Notes
Turn   | Place    | Note
-------+----------+-------------------------------------------
     0 | D:1      | Ijustatesigmund the Octopode Fighter began the quest for
                  | the Orb.
     0 | D:1      | Reached XP level 1. HP: 16/16 MP: 1/1
    67 | D:1      | Reached XP level 2. HP: 21/21 MP: 2/2
   349 | D:1      | Reached skill level 3 in Maces & Flails
   372 | D:1      | Reached XP level 3. HP: 26/26 MP: 3/3
   798 | D:2      | Noticed a bullfrog
   806 | D:2      | Killed a bullfrog
   806 | D:2      | Reached skill level 4 in Maces & Flails
   806 | D:2      | Reached XP level 4. HP: 31/33 MP: 4/4
   921 | D:2      | Noticed Sigmund
   930 | D:2      | Killed Sigmund
   930 | D:2      | Reached skill level 5 in Maces & Flails
   930 | D:2      | Reached XP level 5. HP: 22/38 MP: 5/5
   930 | D:2      | Reached XP level 6. HP: 26/44 MP: 6/6
  1292 | D:2      | Found a blossoming altar of Fedhas.
  1341 | D:3      | Found a faded altar of an unknown god.
  1421 | D:3      | Noticed Robin
  1441 | D:3      | Killed Robin
  1922 | D:4      | Reached XP level 7. HP: 49/49 MP: 7/7
  1935 | D:4      | Reached skill level 5 in Fighting
  2207 | D:4      | Found Fiacir's Distillery.
  2210 | D:4      | Found Tuafoigg's Antique Weapon Shop.
  2326 | D:4      | Found Lannot's Armour Boutique.
  2522 | D:4      | Bought a runed morningstar for 182 gold pieces
  2557 | D:4      | Reached skill level 6 in Maces & Flails
  2633 | D:4      | Found Rosin's Armour Shop.
  3058 | D:5      | Entered Level 5 of the Dungeon
  3170 | D:5      | Reached XP level 8. HP: 56/56 MP: 8/8
  3363 | D:5      | Found a staircase to the Ecumenical Temple.
  3374 | D:5      | Reached skill level 7 in Maces & Flails
  3611 | D:6      | Reached skill level 5 in Shields
  3692 | D:6      | Reached skill level 5 in Dodging
  3743 | D:6      | Noticed Edmund
  3752 | D:6      | Killed Edmund
  3860 | D:6      | Reached skill level 8 in Maces & Flails
  4000 | D:6      | Noticed Eustachio
  4011 | D:6      | Killed Eustachio
  4011 | D:6      | Reached XP level 9. HP: 53/63 MP: 9/9
  4057 | D:6      | Noticed Menkaure
  4063 | D:6      | Killed Menkaure
  4618 | Temple   | Entered the Ecumenical Temple
  4683 | Temple   | Became a worshipper of Cheibriados the Contemplative
  4823 | D:7      | Reached skill level 1 in Invocations
  5096 | D:7      | Reached skill level 9 in Maces & Flails
  5122 | D:7      | Reached * piety under Cheibriados
  5278 | D:7      | Noticed a hornet
  5281 | D:7      | Killed a hornet
  5464 | D:7      | Found an iron altar of Okawaru.
  5470 | D:7      | Found an opulent altar of Gozag.
  5478 | D:7      | Found a shadowy altar of Dithmenos.
  5661 | D:4      | Bought a potion of curing for 39 gold pieces
  5661 | D:4      | Bought a potion of heal wounds for 65 gold pieces
  5878 | D:8      | Reached XP level 10. HP: 65/71 MP: 13/13
  5890 | D:8      | Noticed a death yak
  5907 | D:8      | Killed a death yak
  5907 | D:8      | Reached skill level 5 in Invocations
  6048 | D:8      | Noticed a death yak
  6048 | D:8      | Noticed a death yak
  6048 | D:8      | Noticed a death yak
  6050 | D:8      | Noticed a death yak
  6051 | D:8      | Noticed a death yak
  6052 | D:8      | Found a staircase to the Lair.
  6069 | D:8      | Killed a death yak
  6069 | D:8      | Reached ** piety under Cheibriados
  6069 | D:8      | Reached skill level 10 in Maces & Flails
  6075 | D:8      | Mangled by a death yak

Levels and vault maps discovered:
D:1:      matt_arrival_spirals, layout_rooms, serial_forest,
          infiniplex_forest_lined_room_2, infiniplex_forest_clump_long,
          infiniplex_forest_clump_curved, infiniplex_forest_clump_C,
          infiniplex_forest_clump_tiny, infiniplex_forest_straight_3,
          infiniplex_forest_lined_corner, minmay_ruptured
D:2:      layout_rooms, lemuel_coloured_pillars_altar, uniq_sigmund
D:3:      layout_rooms, chequers_ecumenical_altar_simple, uniq_robin
D:4:      layout_basic, first_ration, serial_shops, shop, nicolae_shop_trees,
          nicolae_shop_trees, shop, minmay_manual_mandibuliform
D:5:      layout_cave_pools, minmay_temple_entry_butterflies
D:6:      nicolae_whirlpool, layout_cave_pods, uniq_edmund, uniq_menkaure,
          uniq_eustachio
D:7:      layout_loops_ring, minitemple
D:8:      layout_cave_pods, dpeg_lair_monsters, grunt_livestock,
          minmay_another_anthill
Temple:   compressed_dpeg_circular_temple

Skill      XL: |  1  2  3  4  5  6  7  8  9 10 |
---------------+-------------------------------+-----
Maces & Flails | 3 4 5 6 8 9 10 | 10.1
Fighting       | 4 5 6 7 |  7.8
Shields        | 4 5 6 7 |  7.0
Dodging        | 4 5 6 |  6.9
Invocations    | 4 5 |  5.6

Action                   |  1- 3 |  4- 6 |  7- 9 | 10-12 || total
-------------------------+-------+-------+-------+-------++-------
Melee: Flail             |   155 |    95 |    31 |       ||   281
       Constrict         |    15 |    28 |    54 |       ||    97
       Tentacles         |    44 |    19 |    63 |     6 ||   132
       Morningstar       |       |       |   192 |    19 ||   211
Throw: Javelin           |       |       |     5 |     1 ||     6
Evoke: Wand              |       |       |       |     3 ||     3
  Use: Scroll            |       |     7 |     6 |     1 ||    14
       Potion            |       |     3 |       |     6 ||     9
 Stab: Sleeping          |     4 |     4 |     9 |       ||    17
  Eat: Chunk             |       |     3 |     9 |       ||    12
       Ration            |       |       |     1 |       ||     1
Armor: Skin              |     4 |    23 |    39 |     5 ||    71
Dodge: Dodged            |    20 |    66 |   102 |    13 ||   201
Block: Shield            |    12 |    45 |   129 |    12 ||   198

Table legend:
 A = Non-vault XP
 B = Vault XP
 C = Vault XP percentage of total XP
 D = Non-vault monster count
 E = Vault monster count
 F = Vault count percentage of total count
                 A         B        C        D         E       F
            +---------+---------+-------+---------+---------+-------
      Total |    3872 |    2713 |  41.2 |     150 |      25 |  14.3
            +---------+---------+-------+---------+---------+-------
        D:1 |      42 |       2 |   4.5 |      23 |       2 |   8.0
        D:2 |     158 |     208 |  56.8 |      27 |       1 |   3.6
        D:3 |     167 |      37 |  18.1 |      16 |      13 |  44.8
        D:4 |     416 |      47 |  10.2 |      20 |       3 |  13.0
        D:5 |     573 |       0 |   0.0 |      17 |       0 |   0.0
        D:6 |     660 |     644 |  49.4 |      16 |       4 |  20.0
        D:7 |    1194 |       0 |   0.0 |      21 |       0 |   0.0
        D:8 |     662 |    1775 |  72.8 |      10 |       2 |  16.7
            +---------+---------+-------+---------+---------+-------
